 Dungeon Crawl Stone Soup version 0.32-a0-928-g1cae6b7ea0 (webtiles) character file.

Game seed: 13923069838645107295

358672 pigah the Slayer (level 22, -8/206 HPs)
             Began as a Coglin Gladiator on Apr 12, 2024.
             Was an Initiate of Gozag.
             Mangled by a vault warden
             ... wielding a +0 dire flail
              (13 damage)
             ... on level 4 of the Vaults.
             The game lasted 01:21:13 (54424 turns).

pigah the Slayer (Coglin Gladiator)                Turns: 54424, Time: 01:21:13

Health: -8/206     AC: 48    Str: 25    XL:     22   Next: 72%
Magic:  0/22       EV:  7    Int:  9    God:    Gozag
Gold:   6835       SH:  0    Dex: 15    Spells: 21/21 levels left

rFire   + . .        C - +9 demon trident (drain) {Edeltraud}
rCold   + . .        a - +3 trident (elec) {Yuphin}
rNeg    . . .        U - +6 gold dragon scales "Ithanisuet" {+Inv rPois rF+ rC+ Stlth+}
rPois   +            J - +2 helmet {SInv}
rElec   .            p - +2 cloak {rCorr}
rCorr   +            T - +2 pair of gloves {infuse}
SInv    +            b - +2 pair of boots {rampage}
Will    ++...        (amulet unavailable) Stlth
                     (ring unavailable)
HPRegen 0.54/turn    (ring unavailable)
MPRegen 0.18/turn    s
                       - N-10 retroencabulator {Rampage Acrobat Will+ Slay+3}

%: acrobat, rampage
@: gold aura, revved
A: off-hand wielding, slow wielding, warmup strikes, no jewellery
}: 1/15 runes: serpentine
a: Renounce Religion, Evoke Invisibility, Potion Petition, Call Merchant, Bribe
Branch


You were on level 4 of the Vaults.
You worshipped Gozag.
Gozag was greatly pleased with you.
You visited 8 branches of the dungeon, and saw 34 of its levels.
You visited 1 bazaar.
You also visited: Sewer, Bailey, Gauntlet and Ice Cave.

You collected 19872 gold pieces.
You spent 7069 gold pieces at shops.
You paid 5968 gold pieces to Gozag.

Inventory:

Hand Weapons
 a - a +3 trident of electrocution (offhand) {Yuphin}
 C - a +9 demon trident of draining (weapon) {Edeltraud}
Missiles
 M - 5 curare-tipped darts (quivered)
Armour
 b - a +2 pair of boots of rampaging (worn)
 c - the +1 hat "Jocuwki" {+Blink rPois rF++ Dex-2}
   (You found it in a Gauntlet)

   Dex-2:     It affects your dexterity (-2).
   rF++:      It greatly protects you from fire.
   rPois:     It protects you from poison.
   +Blink:    It lets you blink.
 m - a +0 pair of boots of flying
 n - +1 storm dragon scales
 p - a +2 cloak of preservation (worn)
 I - +2 pearl dragon scales
 J - a +2 helmet of see invisible (worn)
 T - a +2 pair of gloves of infusion (worn)
 U - the +6 gold dragon scales "Ithanisuet" (worn) {+Inv rPois rF+ rC+ Stlth+}
   (You took it off an orc in a bailey)

   rF+:       It protects you from fire.
   rC+:       It protects you from cold.
   rPois:     It protects you from poison.
   +Inv:      It lets you turn invisible.
   Stlth+:    It makes you more stealthy.
Gizmo
 s - a N-10 retroencabulator (installed) {Rampage Acrobat Will+ Slay+3}
   (You invented it yourself in an ice cave)

   [N-10 retroencabulator]

   Slay+3:    It affects your accuracy & damage with ranged weapons and melee
   (+3).
   Will+:     It increases your willpower.
   Rampage:   It bestows one free step when moving towards enemies.
   Acrobat:   It increases your evasion after moving or waiting.
Talismans
 X - the storm talisman of the Ferocious God {rC+ Int-4 Dex+2}
   (You found it on level 4 of the Vaults)

   [storm talisman]

   Int-4:     It affects your intelligence (-4).
   Dex+2:     It affects your dexterity (+2).
   rC+:       It protects you from cold.
Wands
 r - a wand of mindburst (22)
 F - a wand of paralysis (37)
 H - a wand of digging (5)
 K - a wand of acid (27)
 R - a wand of iceblast (45)
Scrolls
 e - a scroll of blinking
 i - 13 scrolls of identify
 j - 5 scrolls of immolation
 l - a scroll of fear
 o - 3 scrolls of revelation
 q - 4 scrolls of noise
 t - 3 scrolls of brand weapon
 v - 14 scrolls of teleportation
 y - 3 scrolls of butterflies
 L - 4 scrolls of fog
 N - 9 scrolls of poison
 O - 4 scrolls of torment
 Q - 6 scrolls of silence
 S - a scroll of enchant weapon
Potions
 d - 5 potions of enlightenment
 g - 7 potions of mutation
 h - 6 potions of brilliance
 k - 5 potions of lignification
 u - a potion of magic
 w - 4 potions of cancellation
 x - 2 potions of berserk rage
 z - 7 potions of heal wounds
 A - 16 potions of curing
 B - 3 potions of invisibility
 E - 6 potions of might
 G - 4 potions of resistance
 P - 3 potions of haste
 Z - a potion of ambrosia
Miscellaneous
 f - a tin of tremorstones (2/2)
 D - a phantom mirror
 V - a lightning rod (4/4)
 W - a phial of floods
 Y - a sack of spiders


   Skills:
 + Level 25.4 Fighting
 - Level 14.0 Polearms
 - Level 1.7 Throwing
 * Level 25.0 Armour
 - Level 2.6 Dodging
 - Level 8.4 Evocations
 * Level 0.4 Shapeshifting


You had 21 spell levels left.
You didn't know any spells.
Your spell library contained the following spells:

 Spells                   Type           Power      Damage    Failure   Level
 Apportation              Tloc           0%         N/A       98%         1
 Foxfire                  Conj/Fire      0%         2x1d4     98%         1
 Necrotise                Necr           0%         1d4       98%         1
 Sandblast                Erth           0%         2d4       98%         1
 Shock                    Conj/Air       0%         1d3       98%         1
 Sting                    Conj/Alch      0%         1d3       98%         1
 Summon Small Mammal      Summ           0%         N/A       98%         1
 Cigotuvi's Dreadful Rot  Necr/Alch/Air  0%         N/A       99%         2
 Ensorcelled Hibernation  Hex/Ice        0%         N/A       99%         2
 Lesser Beckoning         Tloc           0%         N/A       99%         2
 Mercury Vapours          Alch/Air       0%         N/A       99%         2
 Dazzling Flash           Conj/Hex       0%         N/A       100%        3
 Fugue of the Fallen      Necr           0%         N/A       100%        3
 Hailstorm                Conj/Ice       0%         3d5       100%        3
 Maxwell's Portable Pile  Tloc           0%         2d(5-13)  100%        3
 Mephitic Cloud           Conj/Alch/Air  0%         N/A       100%        3
 Ozocubu's Armour         Ice            0%         N/A       100%        3
 Stone Arrow              Conj/Erth      0%         3d7       100%        3
 Teleport Other           Tloc           0%         N/A       100%        3
 Vampiric Draining        Necr           0%         2d6       100%        3
 Anguish                  Hex/Necr       0%         N/A       100%        4
 Animate Armour           Summ/Erth      0%         N/A       100%        4
 Brom's Barrelling Bould  Conj/Erth      0%         2d3       100%        4
 Cause Fear               Hex            0%         N/A       100%        4
 Ignite Poison            Fire/Alch      0%         N/A       100%        4
 Leda's Liquefaction      Alch/Erth      0%         N/A       100%        4
 Martyr's Knell           Necr/Summ      0%         N/A       100%        4
 Olgreb's Toxic Radiance  Alch           0%         N/A       100%        4
 Summon Lightning Spire   Summ/Air       0%         N/A       100%        4
 Curse of Agony           Necr           0%         N/A       100%        5
 Freezing Cloud           Conj/Ice/Air   0%         6-21      100%        5
 Iskenderun's Battlesphe  Conj           0%         2d6       100%        5
 Lee's Rapid Deconstruct  Erth           0%         3d4*      100%        5
 Metabolic Englaciation   Hex/Ice        0%         N/A       100%        5
 Silence                  Hex/Air        0%         N/A       100%        5
 Bombard                  Conj/Erth      0%         9d1       100%        6
 Dispersal                Tloc           0%         N/A       100%        6
 Gell's Gavotte           Tloc           0%         2d(11-16) 100%        6
 Plasma Beam              Fire/Air       0%         2x1d10    100%        6
 Sculpt Simulacrum        Ice/Alch       0%         N/A       100%        6
 Starburst                Conj/Fire      0%         6d3       100%        6
 Enfeeble                 Hex            0%         N/A       100%        7
 Malign Gateway           Summ/Tloc      0%         N/A       100%        7
 Manifold Assault         Tloc           0%         N/A       100%        7
 Spellforged Servitor     Conj/Summ      0%         N/A       100%        7
 Summon Horrible Things   Summ           0%         N/A       100%        8


Dungeon Overview and Level Annotations

Branches:
Dungeon (14/15)            Temple (1/1) D:7            Lair (5/5) D:11
 Shoals (1/4) Lair:3        Snake (4/4) Lair:3        Slime (0/5) Lair:5
    Orc (2/2) D:12            Elf (3/3) Orc:2        Vaults (4/5) D:13
  Crypt (0/3) Vaults:3      Sewer (visited)          Bailey (visited)
  IceCv (visited)         Gauntlet (visited)

Altars:
Ashenzari
Cheibriados
Dithmenos
Elyvilon
Fedhas
Gozag
Hepliaklqana
Kikubaaqudgha
Makhleb
Nemelex Xobeh
Okawaru
Qazlal
Ru
Sif Muna
Trog
Uskayaw
Vehumet
Wu Jian
Xom
Yredelemnul
Zin
The Shining One
Beogh

Shops:
D:1 (   D:4 :   D:5 :   D:12 (*(   Orc:1 =   Orc:2 ?=[*   Elf:2 ?   Elf:3 (
Lair:1 [   Snake:1 [(   Snake:2 :   Snake:3 (:(::   Snake:4 =:?   Vaults:3 !


Innate Abilities, Weirdness & Mutations

You can wield a second weapon in your off-hand.
It takes a long time for you to wield or remove held weapons.
Your first few attacks do less damage.
You cannot equip rings or amulets.


Message History

Unknown command.
You are too injured to fight recklessly!
You are too injured to fight recklessly!
You puncture the titan with your +3 trident of electrocution!
The titan is lightly wounded.
You impale the titan with your +9 demon trident of draining!!
You drain the titan.
You impale the titan with your +3 trident of electrocution!!
The titan is heavily wounded.
You hit the titan with your +9 demon trident of draining.
You drain the titan. The titan hits you but does no damage.
The ironbound convoker is distracted by your dazzling golden aura.
The vault guard hits you but does no damage.
The ironbound convoker is distracted by your dazzling golden aura.
The ironbound convoker hits you but does no damage.
The ironbound convoker hits you with a +0 great mace!!!
The vault warden hits you with a +0 dire flail!
* * * LOW HITPOINT WARNING * * *
The ironbound convoker shouts! x2
You impale the titan with your +9 demon trident of draining!!
You drain the titan!
The titan is almost dead.
You impale the titan with your +3 trident of electrocution!!
You kill the titan!
The vault guard completely misses you.
The vault warden hits you with a +0 dire flail!!!
* * * LOW HITPOINT WARNING * * *
You see here 22 gold pieces.
Unknown command.
You puncture the vault warden with your +3 trident of electrocution!
The vault warden is moderately wounded.
You puncture the vault warden with your +9 demon trident of draining!
The ironbound convoker is no longer distracted by gold.
The ironbound convoker hits you but does no damage.
The ironbound convoker hits you with a +0 great mace!
* * * LOW HITPOINT WARNING * * *
The vault guard barely misses you.
The vault warden hits you with a +0 dire flail!
You die...
Your body crumbles into a pile of gold.

#########################
......p..................
.....ppp.................
......p@p................
###..##############+##..#
#., #......#..# #
#......#..# #..>...'..#
#......#..# #......#..#
#.....^#..# ########..#


You could see a vault warden (strong), a vault guard and 4 ironbound convokers.

Vanquished Creatures
  Vashnia (Snake:4)
  Norris (Vaults:4)
  The ghost of Epirepp the Wrestler, an adept DrSh of Wu Jian (Vaults:3)
  Rupert (Orc:2)
  A quicksilver dragon (Snake:4)
  A titan (Vaults:4)
  5 deep elf blademasters
  A sphinx (Vaults:2)
  The ghost of Livid the Tortoise, an adept AtFi of Cheibriados (Snake:2)
  3 deep elf master archers (Elf:3)
  An occultist (Elf:1)
  2 nagarajas
  An iron dragon (Elf:1)
  2 fire giants
  15 vault wardens
  7 deep elf sorcerers
  4 deep elf elementalists
  19 ironbound preservers
  2 formless jellyfish (Vaults:1)
  6 orc warlords
  A reaper (IceCv)
  8 ironbound thunderhulks
  6 deep elf death magi (Elf:3)
  Nessos (Lair:4)
  2 stone giants
  11 dire elephants
  A deep elf demonologist (Elf:3)
  A spark wasp (shapeshifter) (Elf:1)
  6 deep elf annihilators
  A minotaur (Gauntlet)
  An ettin (Vaults:4)
  Snorg (D:13)
  Josephine (D:11)
  9 yaktaur captains
  10 great orbs of eyes
  An entropy weaver (Vaults:4)
  3 hydras
  17 vault guards
  5 salamander tyrants (Snake:4)
  A peacekeeper (Vaults:2)
  An ogre mage (D:13)
  3 boulder beetles
  6 ironbound frosthearts
  14 anacondas
  2 catoblepae (Lair:1)
  28 dancing weapons
  10 two-headed ogres
  4 tengu warriors
  10 death yaks (Lair:5)
  12 centaur warriors
  A deep troll earth mage (Elf:1)
  3 naga warriors
  19 naga sharpshooters
  6 orc high priests
  7 shock serpents
  2 spectral death yaks (Lair:5)
  12 deep elf knights
  4 skysharks
  5 skeletal warriors (D:12)
  A fire crab (Lair:5)
  2 skysharks (shapeshifter) (Elf:1)
  6 mana vipers
  3 salamander mystics
  9 arcanists
  34 deep trolls
  3 deep elf archers
  A swamp dragon (shapeshifter) (Elf:1)
  2 glowing orange brains (Gauntlet)
  A spectral anaconda (Lair:5)
  9 ironbound convokers
  2 orb spiders (shapeshifter)
  4 naga ritualists
  5 lindwurms
  5 thermic dynamos
  An oklob plant (Lair:3)
  18 deep elf zephyrmancers
  4 harpies (Vaults:1)
  4 obsidian bats
  An obsidian statue (Lair:5)
  3 necromancers (Lair:5)
  18 orc knights
  10 ugly things
  27 deep elf pyromancers
  7 orc sorcerers
  9 manticores (D:13)
  5 salamanders
  A wolf spider (D:13)
  Maurice (Orc:2)
  6 cyclopes
  9 kobold blastminers
  34 black mambas
  A black mamba (shapeshifter) (D:14)
  A salamander (shapeshifter) (D:13)
  2 merfolk sirens
  7 elephants (Lair:5)
  A torpor snail (Lair:1)
  4 guardian serpents
  An apocalypse crab (Gauntlet)
  15 vault sentinels
  2 ice statues (IceCv)
  13 naga magi
  4 gargoyles
  17 cane toads
  9 rime drakes
  An unseen horror (D:12)
  A kobold demonologist (D:9)
  38 yaktaurs
  5 ice devils (IceCv)
  12 komodo dragons
  Psyche (D:12)
  2 tengu conjurers
  8 trolls
  2 polar bears
  A troll (shapeshifter) (Elf:1)
  A hornet (D:8)
  Prince Ribbit (D:9)
  A raiju (shapeshifter) (D:14)
  26 blink frogs
  7 dream sheep (Lair:5)
  A spectral elephant (Lair:5)
  16 slime creatures
  2 air elementals
  A dire elephant simulacrum (IceCv)
  4 shadows
  32 yaks
  3 water elementals
  10 wyverns
  A vampire (D:10)
  6 wraiths
  Eustachio (D:5)
  A yak (shapeshifter) (Elf:1)
  4 fire elementals
  5 death yak simulacra
  A basilisk (shapeshifter) (Elf:1)
  8 wargs
  2 steam dragons
  16 basilisks
  3 redbacks
  7 vampire mosquitoes
  A spectral cane toad (Lair:5)
  2 acid dragons
  34 nagas
  2 hydra simulacra (IceCv)
  26 water moccasins
  63 orc warriors
  A sky beast (D:6)
  2 ice beasts
  9 boggarts
  14 ogres
  5 wolves (Lair:1)
  15 centaurs
  A kobold brigand (D:6)
  A phantom (D:6)
  2 gnoll sergeants
  5 bullfrogs
  6 earth elementals
  A two-headed ogre simulacrum (IceCv)
  2 scorpions
  A killer bee (shapeshifter) (Elf:1)
  3 elephant simulacra
  22 killer bees
  3 howler monkeys (D:13)
  3 electric eels
  A bombardier beetle (D:9)
  38 orc priests
  4 jellies
  Crazy Yiuf (D:2)
  A hound (D:7)
  2 sleepcaps
  A gnoll bouda (D:6)
  5 iguanas
  26 orc wizards
  2 spriggan simulacra (IceCv)
  2 troll simulacra (IceCv)
  5 polar bear simulacra
  20 gnolls
  7 river rats (Sewer)
  2 adders
  3 naga simulacra (IceCv)
  2 shadow imps (D:5)
  3 white imps (IceCv)
  4 ufetubi
  2 ribbon worms (D:3)
  2 dart slugs
  145 orcs
  15 ball pythons
  5 bats
  8 endoplasms
  7 giant cockroaches
  14 goblins
  9 hobgoblins
  A quokka (D:4)
  6 frilled lizards
  24 kobolds
  21 rats
1476 creatures vanquished.

Vanquished Creatures (others)
  A deep elf knight (Elf:2)
  A centaur (D:13)
  A white imp (IceCv)
  An orc (D:8)
4 creatures vanquished.

Grand Total: 1480 creatures vanquished

Notes
Turn   | Place    | Note
-------+----------+-------------------------------------------
     0 | D:1      | pigah the Coglin Gladiator began the quest for the Orb.
     0 | D:1      | Reached XP level 1. HP: 16/16 MP: 1/1
   100 | D:1      | Reached XP level 2. HP: 22/22 MP: 2/2
   193 | D:1      | Found Rupouguc's Weapon Shoppe.
   257 | D:1      | Reached skill level 1 in Armour
   259 | D:1      | Reached XP level 3. HP: 23/27 MP: 3/3
   739 | D:2      | Found a faded altar of an unknown god.
   847 | D:2      | Found a burning altar of Makhleb.
   948 | D:2      | Found a runed translucent door.
   949 | D:2      | Noticed Crazy Yiuf
   955 | D:2      | Killed Crazy Yiuf
   956 | D:2      | Reached XP level 4. HP: 21/34 MP: 4/4
  1727 | D:3      | Reached XP level 5. HP: 39/39 MP: 5/5
  1733 | D:3      | Identified the +7 orcbow of Bausk {freeze, rElec}
  2011 | D:4      | Noticed an ogre
  2018 | D:4      | Killed an ogre
  2258 | D:4      | Found Jefro's Tremendous Tomes.
  2384 | D:4      | Reached XP level 6. HP: 40/46 MP: 6/6
  2436 | D:5      | Entered Level 5 of the Dungeon
  2449 | D:5      | Reached skill level 5 in Polearms
  2590 | D:5      | Found a glowing drain.
  2594 | Sewer    | Entered a sewer
  2679 | Sewer    | Reached XP level 7. HP: 51/52 MP: 7/7
  3311 | D:5      | Noticed Eustachio
  3315 | D:5      | Killed Eustachio
  3718 | D:5      | Reached XP level 8. HP: 45/60 MP: 8/8
  3842 | D:5      | Found Kymure's Book Shop.
  4673 | D:6      | Found a white marble altar of Elyvilon.
  4673 | D:6      | Found an ancient bone altar of Kikubaaqudgha.
  4842 | D:6      | Reached skill level 5 in Armour
  4893 | D:7      | Reached XP level 9. HP: 66/66 MP: 9/9
  4922 | D:7      | Noticed a boulder beetle
  5122 | D:7      | Found a staircase to the Ecumenical Temple.
  5134 | Temple   | Entered the Ecumenical Temple
  5156 | Temple   | Became a worshipper of Gozag Ym Sagoz the Greedy
  5304 | D:7      | Reached skill level 5 in Fighting
  5559 | D:7      | Killed a boulder beetle
  5692 | D:8      | Noticed a cyclops
  5856 | D:8      | Reached XP level 10. HP: 75/75 MP: 10/10
  5866 | D:8      | Reached skill level 10 in Polearms
  6036 | D:8      | Killed a cyclops
  6758 | D:8      | Found a sacrificial altar of Ru.
  6954 | D:9      | Noticed a kobold demonologist
  6968 | D:9      | Noticed a sixfirhy
  6971 | D:9      | Killed a kobold demonologist
  6972 | D:9      | Reached XP level 11. HP: 84/84 MP: 11/11
  6972 | D:9      | Noticed a two-headed ogre
  6979 | D:9      | Killed a two-headed ogre
  7077 | D:9      | Noticed Prince Ribbit
  7090 | D:9      | Killed Prince Ribbit
  7211 | D:9      | Found a snail-covered altar of Cheibriados.
  7490 | D:9      | Found a burning altar of Makhleb.
  7491 | D:9      | Found an ornate altar of the Wu Jian Council.
  7491 | D:9      | Found a broken altar of Ashenzari.
  7505 | D:9      | Found a hide-covered altar of Uskayaw.
  8169 | D:10     | Entered Level 10 of the Dungeon
  8195 | D:10     | Noticed a two-headed ogre
  8205 | D:10     | Killed a two-headed ogre
  8284 | D:10     | You fall into a shaft and drop 3 floors!
  8313 | D:12     | Noticed Psyche
  8313 | D:12     | Noticed a two-headed ogre
  8323 | D:12     | Killed a two-headed ogre
  8335 | D:12     | Found a flickering gateway to a bazaar.
  8341 | Bazaar   | Entered a bazaar
  8342 | Bazaar   | Found Inger's Weapon Boutique.
  8359 | Bazaar   | Found Caghi's Weapon Boutique.
  8359 | Bazaar   | Found Jadedilal's Antique Armour Boutique.
  8376 | Bazaar   | Found Jausch's Weapon Shop.
  8411 | Bazaar   | Bought a glowing helmet for 247 gold pieces
  8411 | Bazaar   | Bought a pair of glowing gloves for 247 gold pieces
  8453 | D:11     | Noticed a two-headed ogre
  8459 | D:11     | Killed a two-headed ogre
  8506 | D:10     | Noticed a two-headed ogre
  8517 | D:10     | Killed a two-headed ogre
  8778 | D:10     | Found a flagged portal.
  8794 | Bailey   | Entered a bailey
  9202 | Bailey   | Identified the +6 gold dragon scales "Ithanisuet" {+Inv
                  | rPois rF+ rC+ Stlth+}
  9234 | Bailey   | Noticed an orc knight
  9250 | Bailey   | Killed an orc knight
 10205 | D:11     | Noticed a cyclops
 10212 | D:11     | Killed a cyclops
 10320 | D:11     | Reached XP level 12. HP: 86/94 MP: 2/12
 10735 | D:11     | Found a staircase to the Lair.
 10794 | D:11     | Noticed Josephine
 10833 | D:11     | Killed Josephine
 11102 | D:11     | Identified the +0 robe "Agadgh" {Slay+4}
 11739 | Lair:1   | Entered Level 1 of the Lair of Beasts
 11743 | Lair:1   | Reached skill level 10 in Armour
 12808 | Lair:1   | Reached XP level 13. HP: 66/103 MP: 0/13
 12810 | Lair:1   | Identified 2 scrolls of acquirement
 12810 | Lair:1   | Acquired 828 gold pieces
 12825 | Lair:1   | Reached skill level 10 in Fighting
 13631 | Lair:1   | Acquired a +2 demon trident of draining
 14691 | Lair:2   | Reached skill level 1 in Evocations
 15141 | Lair:3   | Found a staircase to the Shoals.
 15160 | Lair:3   | Found a gate leading to a gauntlet.
 15195 | Gauntlet | Entered a Gauntlet
 15195 | Gauntlet | Found a transporter.
 15195 | Gauntlet | Found a transporter.
 15195 | Gauntlet | Found a transporter.
 15195 | Gauntlet | Found a transporter.
 15215 | Gauntlet | Found a transporter.
 15229 | Gauntlet | Found a transporter.
 15262 | Gauntlet | Found a transporter.
 15270 | Gauntlet | Found a transporter.
 15308 | Gauntlet | Found a transporter.
 15323 | Gauntlet | Found a transporter.
 15335 | Gauntlet | Found a transporter.
 15351 | Gauntlet | Found a transporter.
 15678 | Gauntlet | Identified the +1 hat "Jocuwki" {+Blink rPois rF++ Dex-2}
 15887 | Gauntlet | Identified the staff of Sufficient Punishment {*Corrode rC+
                  | rN+ Will+ Necro}
 15887 | Gauntlet | Noticed a minotaur
 15895 | Gauntlet | Killed a minotaur
 16541 | Lair:3   | Found a staircase to the Snake Pit.
 16762 | Lair:3   | Found a blossoming altar of Fedhas.
 17115 | Lair:4   | Acquired 1186 gold pieces
 17151 | Lair:4   | Noticed Nessos
 17151 | Lair:4   | Found a frozen archway.
 17161 | IceCv    | Entered an ice cave
 17803 | IceCv    | Noticed a reaper
 17826 | IceCv    | Killed a reaper
 17827 | IceCv    | Reached XP level 14. HP: 70/113 MP: 0/14
 17827 | IceCv    | Acquired a N-10 retroencabulator {Rampage Acrobat Will+
                  | Slay+3}
 18792 | Lair:4   | Killed Nessos
 18793 | Lair:4   | Reached skill level 5 in Evocations
 20011 | Lair:5   | Entered Level 5 of the Lair of Beasts
 20350 | Lair:5   | Found a staircase to the Slime Pits.
 21248 | Lair:5   | Reached XP level 15. HP: 110/124 MP: 0/15
 21808 | Lair:5   | Got Acvadye's Volume of Congelation
 21829 | Lair:5   | Reached skill level 15 in Armour
 22660 | D:12     | Bought 6 curare-tipped darts for 79 gold pieces
 22662 | D:12     | Bought 2 brown potions for 59 gold pieces
 22662 | D:12     | Bought a potion of heal wounds for 165 gold pieces
 22662 | D:12     | Bought a fuming orange potion for 29 gold pieces
 22662 | D:12     | Bought a potion of curing for 99 gold pieces
 23132 | D:12     | Killed Psyche
 23426 | D:12     | Found a staircase to the Orcish Mines.
 24369 | Orc:1    | Entered Level 1 of the Orcish Mines
 25115 | Orc:1    | Found Sirphuud's Jewellery Boutique.
 25204 | Orc:2    | Entered Level 2 of the Orcish Mines
 25509 | Orc:2    | Noticed Rupert
 25518 | Orc:2    | Killed Rupert
 25856 | Orc:2    | Found a roughly hewn altar of Beogh.
 26152 | Orc:2    | Found Kulos's Magic Scroll Boutique.
 26232 | Orc:2    | Bought a scroll of revelation for 90 gold pieces
 26232 | Orc:2    | Bought a scroll of revelation for 90 gold pieces
 26232 | Orc:2    | Bought a scroll of identify for 24 gold pieces
 26232 | Orc:2    | Bought a scroll of identify for 24 gold pieces
 26245 | Orc:2    | Found Raheodda's Jewellery Shop.
 26341 | Orc:2    | Reached skill level 15 in Fighting
 26726 | Orc:2    | Noticed an orc warlord
 26735 | Orc:2    | Killed an orc warlord
 26742 | Orc:2    | Reached XP level 16. HP: 124/136 MP: 0/16
 26796 | Orc:2    | Noticed Maurice
 26802 | Orc:2    | Killed Maurice
 27489 | Orc:2    | Found a staircase to the Elven Halls.
 27580 | Orc:2    | Identified the ring of Wishful Thinking {rElec rCorr Str+4
                  | Dex+6 Slay-5}
 27743 | Orc:2    | Found Geh Lu Nusk's General Store.
 27780 | Orc:2    | Bought a scroll of identify for 28 gold pieces
 27888 | Orc:2    | Found a roughly hewn altar of Beogh.
 27978 | Orc:2    | Found Hueduoli's Antique Armour Shoppe.
 28174 | Orc:2    | Bought a brightly glowing plate armour for 560 gold pieces
 28174 | Orc:2    | Identified the +7 plate armour of Tiphi {Harm rC- Regen+}
                  | (You bought it in a shop on level 2 of the Orcish Mines)
 28174 | Orc:2    | Bought glowing pearl dragon scales for 2042 gold pieces
 28861 | D:13     | Noticed Snorg
 28868 | D:13     | Killed Snorg
 29836 | D:13     | Found a gate to the Vaults.
 30404 | D:13     | Identified the +3 war axe "Janisch" {flame, Str+4 Int+4}
 30404 | D:13     | Identified the staff of Blood-Lust {Str+3 Conj Fire Ice}
 30840 | D:14     | Found an opulent altar of Gozag.
 30962 | D:14     | Identified the +0 ring mail of Xaklem {Will++ Int+2}
 31716 | Elf:1    | Entered Level 1 of the Elven Halls
 32328 | Elf:1    | Reached XP level 17. HP: 147/147 MP: 14/17
 33548 | Elf:2    | Paralysed by an air elemental for 1 turns
 33801 | Elf:2    | Found Taustiaxt's Magic Scroll Shoppe.
 33884 | Elf:2    | Noticed a deep elf blademaster
 34245 | Elf:2    | Bought a scroll of teleportation for 39 gold pieces
 34245 | Elf:2    | Bought a scroll of blinking for 97 gold pieces
 34737 | Elf:2    | Found a runed translucent gate.
 34738 | Elf:2    | Found a runed translucent gate.
 34738 | Elf:2    | Found a runed translucent gate.
 34832 | Elf:2    | Killed a deep elf blademaster
 35364 | Elf:2    | Reached XP level 18. HP: 95/157 MP: 3/18
 35762 | Elf:3    | Entered Level 3 of the Elven Halls
 35883 | Elf:3    | Found a shimmering blue altar of Sif Muna.
 35903 | Elf:3    | Found Poostrok's Weapon Emporium.
 36398 | Elf:3    | Noticed a deep elf blademaster
 36409 | Elf:3    | Killed a deep elf blademaster
 37412 | Elf:3    | Noticed a deep elf blademaster
 37421 | Elf:3    | Killed a deep elf blademaster
 37427 | Elf:3    | Identified the +6 scimitar of Bile {freeze, rF- Will++
                  | Dex+3}
 37427 | Elf:3    | Identified the ring "Vonu Jum" {+Blink rC+++ Will+++ EV+5
                  | Dex-4}
 37489 | Elf:3    | Noticed a deep elf blademaster
 37503 | Elf:3    | Killed a deep elf blademaster
 37631 | Elf:3    | Noticed a deep elf master archer
 37652 | Elf:3    | Killed a deep elf master archer
 37941 | Elf:3    | Identified the amulet of Soyjim {Reflect -Tele rC+ Int+5
                  | SH+5 Stlth-}
 37942 | Elf:3    | Noticed a deep elf master archer
 37963 | Elf:3    | Killed a deep elf master archer
 38133 | Elf:3    | Noticed a deep elf master archer
 38133 | Elf:3    | Noticed a deep elf blademaster
 38142 | Elf:3    | Killed a deep elf blademaster
 38144 | Elf:3    | Killed a deep elf master archer
 38324 | Elf:3    | Got the Anthology of Silt and Clouds
 38325 | Elf:3    | Identified the ring of Qyutex {rF++ Str+6}
 38403 | Elf:3    | Identified the +2 whip of Ucatiss {heavy, *Noise Int+4
                  | Stlth+}
 38408 | Elf:3    | Identified the +5 halberd "Vopnuuwo" {spect, Fly Will+
                  | Dex+3}
 38503 | Elf:3    | Identified the +4 shortbow of Causality {elec, *Slow +Blink
                  | Fly Dex+3}
 38853 | Shoals:1 | Entered Level 1 of the Shoals
 38984 | Snake:1  | Entered Level 1 of the Snake Pit
 40742 | Snake:2  | Found a runed translucent door.
 40759 | Snake:2  | Noticed Livid's ghost (adept AtFi)
 40776 | Snake:2  | Killed Livid's ghost
 40953 | Snake:2  | Found Bijuul's Self-Published Books.
 41554 | Snake:3  | Reached XP level 19. HP: 139/167 MP: 11/19
 41961 | Snake:3  | Found Deifepun's Self-Improvement Boutique.
 41969 | Snake:3  | Bought a manual of Armour for 1040 gold pieces
 41969 | Snake:3  | Bought a manual of Fighting for 1040 gold pieces
 42077 | Snake:3  | Acquired 1139 gold pieces
 42723 | Snake:3  | Found Zaaceedd's Weapon Boutique.
 42723 | Snake:3  | Found Ceraggei's Book Shop.
 42724 | Snake:3  | Found Zayviale's Book Boutique.
 42759 | Snake:3  | Found Teisisti's Weapon Shop.
 43162 | Snake:4  | Entered Level 4 of the Snake Pit
 43162 | Snake:4  | Noticed Vashnia
 43689 | Snake:4  | Found Medwyhyt's Jewellery Emporium.
 43691 | Snake:4  | Found Wumusuppu's Book Shoppe.
 43693 | Snake:4  | Found Haqoucs's Magic Scroll Emporium.
 43792 | Snake:4  | Bought a scroll of teleportation for 45 gold pieces
 43792 | Snake:4  | Bought a scroll of teleportation for 45 gold pieces
 43861 | Snake:4  | Killed Vashnia
 44843 | Snake:4  | Got a serpentine rune of Zot
 45474 | Vaults:1 | Entered Level 1 of the Vaults
 46342 | Vaults:1 | Found a white marble altar of Elyvilon.
 46499 | Vaults:1 | Identified the +11 hand axe of Jyoc {holy, rPois rN+ SInv}
 46713 | Vaults:1 | Reached XP level 20. HP: 182/182 MP: 12/20
 49080 | Vaults:2 | Paralysed by a sphinx for 4 turns
 50445 | Vaults:3 | Found Ocsuk's Distillery.
 50572 | Vaults:3 | Bought a potion of experience for 700 gold pieces
 50572 | Vaults:3 | Bought a potion of heal wounds for 70 gold pieces
 50572 | Vaults:3 | Bought a potion of heal wounds for 70 gold pieces
 50572 | Vaults:3 | Bought a potion of haste for 140 gold pieces
 50572 | Vaults:3 | Reached XP level 21. HP: 195/195 MP: 21/21
 50722 | Vaults:3 | Reached XP level 22. HP: 204/204 MP: 0/22
 52180 | Vaults:3 | Found a runed translucent door.
 52181 | Vaults:3 | Noticed Epirepp's ghost (adept DrSh)
 52198 | Vaults:3 | Killed Epirepp's ghost
 52868 | Vaults:3 | Found a staircase to the Crypt.
 54043 | Vaults:4 | Noticed Norris
 54054 | Vaults:4 | Killed Norris
 54319 | Vaults:4 | Identified the storm talisman of the Ferocious God {rC+
                  | Int-4 Dex+2}
 54424 | Vaults:4 | HP: 5/206 [ironbound convoker/+0 great mace[a vault warden]
                  | (16)]
 54424 | Vaults:4 | Mangled by a vault warden

Illustrated notes

Levels and vault maps discovered:
D:1:      dpeg_arrival_simpleton_b, layout_loops_ring, serial_shops,
          nicolae_shop_bloodbath_and_beyond
D:2:      layout_basic, basic_altar, hellmonk_ecumenical_altar_crossroads,
          uniq_crazy_yiuf_cottage
D:3:      layout_rooms, minmay_checkerbox
D:4:      layout_rooms, nicolae_shop_i_like_big_books
D:5:      layout_loops_ring, mainiacjoe_sewer_entry_somewhere_in_here_2,
          serial_shops, shop, supply_closet_lemuel, uniq_eustachio
D:6:      nicolae_cairo_tiling_large, layout_rooms,
          gammafunk_temple_overflow_statue, kennysheep_cross_room,
          nicolae_underground_beach
D:7:      layout_rooms, temple_statues
D:8:      minmay_opposing_rooms, layout_rooms,
          mainiacjoe_overflow_six_doors_small
D:9:      layout_loops_corners, slow_altar_1, nicolae_overflow_quartered_altars,
          minivault_24, nicolae_the_louvre, uniq_prince_ribbit1
D:10:     layout_grid_maze, enter_bailey_3, small_statue_alley_a,
          minmay_stone_trees_medium, corexii_hall_statues_u
D:11:     layout_cave_pods, minmay_lair_entry_grove, uniq_josephine
D:12:     layout_irregular_city, hiddenorc2_lemuel, serial_shops,
          bzr_entry_road, uniq_psyche
D:13:     minmay_the_grid_triangle_9x9_rhombus_thin_mashed
          [minmay_the_grid_triangle_9x9_stretched_checkered,
          minmay_the_grid_triangle_9x9_prize_top_heavy,
          minmay_the_grid_triangle_9x9_negative_grid,
          minmay_the_grid_triangle_9x9_sprig], layout_loops_ring,
          david_vaults_5, uniq_snorg
D:14:     layout_basic, grunt_gozag_breadcrumbs, minmay_hedge_maze
Temple:   jpeg_temple_clearing
Lair:1:   regret_index_malice_mire, layout_hall_layers, serial_bayou_shore_b,
          serial_bayou_shore_b
Lair:2:   layout_roguey
Lair:3:   layout_roguey, minmay_shoals_entry_lonely_mermaid,
          nicolae_snake_entry_squirm, gauntlet_entry_generic, tgw_fedhas
Lair:4:   layout_small_grid, portal_ice_cave_entry_ice_simulacra,
          chequers_serial_rivers_micro_e, chequers_serial_rivers_large_b,
          serial_bayou_shore_a, uniq_nessos
Lair:5:   due_jungle_book, layout_loops_ring, minmay_slime_entry_pillars,
          grunt_megastairs_3, infiniplex_staircase_pool
Shoals:1: layout_shoals, nicolae_specific_store
Snake:1:  layout_rooms, grunt_ministairs_2, nicolae_letterblocks
          [nicolae_letter_subblock, nicolae_letter_subblock,
          nicolae_letter_subblock, nicolae_letter_subblock,
          nicolae_letter_subblock, nicolae_letter_subblock,
          nicolae_letter_subblock, nicolae_letter_subblock,
          nicolae_letter_subblock, nicolae_letter_subblock,
          nicolae_letter_subblock, nicolae_letter_subblock,
          nicolae_letter_subblock, nicolae_letter_subblock,
          nicolae_letter_subblock, nicolae_letter_subblock,
          nicolae_letter_subblock, nicolae_letter_subblock,
          nicolae_letter_subblock, nicolae_letter_subblock,
          nicolae_letter_subblock, nicolae_letter_subblock,
          nicolae_letter_subblock, nicolae_letter_subblock,
          nicolae_letter_subblock]
Snake:2:  layout_grid_shapes, ebering_ghost_reflecting_pool,
          nicolae_custom_books
Snake:3:  nicolae_snakescales, layout_chambers, st_stairs_9,
          nicolae_shop_self_help, minmay_shoptagon
Snake:4:  hellmonk_snake_rune_quicksilver_temple, layout_grid_shapes,
          st_stairs_3, minmay_shop_star, uniq_vashnia
Orc:1:    minmay_goldmine, layout_diamond_mine, serial_shops,
          nicolae_shop_tiny_real_fake_doors
Orc:2:    pubby_orc_utopia, uniq_rupert, uniq_maurice
Elf:1:    nicolae_elf_arrival_fired_up, layout_geoelf_octagon,
          nicolae_elf_shapeshifter_party, dilly_guarded_unrand_elemental_staff
Elf:2:    nicolae_elf_blades_crystal_corner, layout_onion_city, serial_shops,
          shop, st_stairs_7, minmay_misc_feat_columns
Elf:3:    minmay_elf_hall, layout_geoelf_castle, serial_shops, shop,
          basic_altar, grunt_ministairs_14, hangedman_elf_power_crystal,
          hex_medium
Vaults:1: hangedman_vaults_corner, nicolae_vaults_twisting_passages,
          nicolae_vaults_trapezoid_1, nicolae_vaults_mini_display_case,
          v_rooms_3, lemuel_angel_altar, v_misc_4,
          nicolae_vaults_surprise_closet, ontoclasm_vaults_shuriken,
          layout_vaults_big_room
Vaults:2: nicolae_vaults_network_star, nicolae_vaults_puzzle_piece,
          nicolae_vaults_prndl, nicolae_vaults_offset_grid_hallway_3,
          v_alt_pattern_4, dpeg_vaults_monster_box, v_misc_19, v_misc_3,
          nicolae_vaults_storage_closets_3, st_more_cells,
          hangedman_vaults_restitches, layout_vaults_ring
Vaults:3: hellmonk_ghost_big_iron, nicolae_vaults_sightless_eye,
          grunt_vaults_funnel, dpeg_vaults_monster_row,
          nicolae_vaults_layer_cake_slice, v_misc_26, ontoclasm_vaults_eye,
          nicolae_vaults_offset_grid_hallway_3, minmay_orc_keep,
          nicolae_vaults_lightning_bolt, special_room_vaults [special_room_orc],
          nicolae_vaults_double_plus_1, vaults_dpeg_hooks,
          layout_vaults_omnibox, serial_shops, nicolae_diamond_shop
Vaults:4: ontoclasm_vaults_loading_screen, vaults_mumra_chevron_long,
          nicolae_vaults_what_the_h, nicolae_vaults_house_1,
          gammafunk_sealed_arena, v_misc_5, grunt_vaults_focal,
          layout_vaults_quadrants, uniq_norris

Skill      XL: |  1  2  3  4  5  6  7  8  9 10 11 12 13 14 15 16 17 18 19 20 21 22 |
---------------+-------------------------------------------------------------------+-----
Polearms       | 3 4 5 6 8 9 11 13 14 | 14.0
Armour         | 1 2 3 4 5 6 7 9 11 13 14 16 17 19 20 22 24 25 | 25.0
Fighting       | 3 4 5 7 8 9 11 13 15 17 18 19 22 24 25 | 25.4
Evocations     | 4 7 8 |  8.4
Throwing       | |  1.7
Dodging        | |  2.6
Shapeshifting  | |  0.4

Action                     |  1- 3 |  4- 6 |  7- 9 | 10-12 | 13-15 | 16-18 | 19-21 | 22-24 || total
---------------------------+-------+-------+-------+-------+-------+-------+-------+-------++-------
  Melee: Trident           |    58 |   181 |   399 |   631 |   804 |   904 |   718 |   357 ||  4052
         Dagger            |    40 |     7 |       |       |       |       |       |       ||    47
         Spear             |       |       |    63 |   603 |    51 |       |       |       ||   717
         Demon trident     |       |       |       |       |   781 |   933 |   733 |   371 ||  2818
  Throw: Dart              |       |       |       |       |     1 |     6 |       |       ||     7
 Invoke: Call Merchant     |       |       |       |       |     4 |     2 |       |       ||     6
         Potion Petition   |       |       |       |       |     1 |       |       |       ||     1
Ability: Invent Gizmo      |       |       |       |       |     1 |       |       |       ||     1
         Evoke Invisibilit |       |       |       |       |     1 |       |       |       ||     1
  Evoke: Wand              |       |       |       |       |       |     2 |       |       ||     2
    Use: Scroll            |       |       |       |    15 |    20 |    15 |     3 |       ||    53
         Potion            |       |       |       |     1 |     9 |     4 |     6 |       ||    20
   Stab: Sleeping          |     2 |     1 |       |       |       |       |       |       ||     3
         Distracted        |       |       |       |     3 |     9 |     4 |     6 |     2 ||    24
 Armour: Leather armour    |    17 |     4 |       |       |       |       |       |       ||    21
         Ring mail         |       |    56 |   115 |   145 |       |       |       |       ||   316
         Gold dragon scale |       |       |       |   265 |   518 |   736 |   693 |   278 ||  2490
  Dodge: Dodged            |    10 |    40 |    97 |   144 |   119 |   225 |   199 |    82 ||   916

Table legend: (Time is in decaauts)
 A = Elapsed time spent in this place.
 B = Non-inter-level travel time spent in this place.
 C = Inter-level travel time spent in this place.
 D = Time resting spent in this place.
 E = Time spent auto-exploring this place.
 F = Levels seen in this place.
 G = Mean time per level.
                   A        B        C        D        E       F      G
               +--------+--------+--------+--------+--------+-----+--------+
         Total |  53064 |  50728 |   2336 |   2059 |  41684 |  39 | 1360.6 |
       Dungeon |  14658 |  13831 |    827 |    306 |  11317 |  14 | 1047.0 |
        Temple |     44 |      1 |     43 |      0 |      0 |   1 |   44.0 |
          Lair |   8885 |   8367 |    518 |    233 |   7085 |   5 | 1777.0 |
        Shoals |      5 |      5 |      0 |      0 |      0 |   1 |    5.0 |
     Snake Pit |   6163 |   5936 |    227 |    277 |   5101 |   4 | 1540.8 |
  Orcish Mines |   4393 |   4147 |    246 |      0 |   3670 |   2 | 2196.5 |
   Elven Halls |   6752 |   6393 |    359 |    282 |   5256 |   3 | 2250.7 |
        Vaults |   8573 |   8460 |    113 |    154 |   7324 |   4 | 2143.2 |
        Bazaar |    100 |    100 |      0 |      0 |      0 |   1 |  100.0 |
         Sewer |    574 |    574 |      0 |      0 |    413 |   1 |  574.0 |
        Bailey |    837 |    837 |      0 |    112 |    516 |   1 |  837.0 |
      Ice Cave |   1280 |   1280 |      0 |    455 |    627 |   1 | 1280.0 |
      Gauntlet |    795 |    795 |      0 |    237 |    373 |   1 |  795.0 |
               +--------+--------+--------+--------+--------+-----+--------+

Top non-repeatable levels by time:
   Orc:2: 3347 daAuts
   Elf:3: 2809 daAuts
Vaults:2: 2651 daAuts
Vaults:3: 2572 daAuts
  Lair:5: 2465 daAuts
   Elf:2: 2344 daAuts
 Snake:3: 2304 daAuts
  Lair:1: 2149 daAuts
Vaults:1: 2107 daAuts
    D:12: 1827 daAuts
  Lair:4: 1707 daAuts
    D:13: 1702 daAuts
 Snake:4: 1689 daAuts
   Elf:1: 1598 daAuts
    D:11: 1394 daAuts
